 Dungeon Crawl Stone Soup version 0.19-a0-682-g708bd0e (webtiles) character file.

198 Ducklets the Grasshopper (level 5, -4/26 HPs)
             Began as a Spriggan Warper on June 17, 2016.
             Killed from afar by Natasha (10 damage)
             ... with a magic dart
             ... on level 3 of the Dungeon on June 18, 2016.
             The game lasted 01:00:32 (3993 turns).

Ducklets the Grasshopper (Spriggan Warper)          Turns: 3993, Time: 01:00:32

Health: -4/26      AC:  2    Str:  7    XL:     5   Next: 47%
Magic:  8/11       EV: 20    Int: 15    God:
Gold:   167        SH:  2    Dex: 16    Spells: 4 memorised, 2 levels left

rFire  . . .     SeeInvis +     b - +1 hunting sling (freeze)
rCold  . . .     Gourm    .     h - +0 robe
rNeg   . . .     Faith    .     (shield restricted)
rPois  .         Spirit   .     (helmet restricted)
rElec  .         Dismiss  .     (no cloak)
rCorr  .         Reflect  +     (gloves unavailable)
SustAt .         Harm     .     (boots unavailable)
MR     .....                    l - +2 amulet of reflection
Stlth  +++.......               (no ring)
                                k - ring of stealth

@: very quick, not resistant to hostile enchantments, fairly stealthy
A: unfitting armour, see invisible, herbivore 3, speed 3, slow metabolism 2
a: no special abilities


You were on level 3 of the Dungeon.
You were full.

You visited 1 branch of the dungeon, and saw 3 of its levels.

You collected 167 gold pieces.

Inventory:

Hand Weapons
 a - a +1 vampiric spear
 b - a +1 hunting sling of freezing (weapon)
 j - a +0 short sword
 p - a +0 whip
 s - a +0 spear
 v - a +0 spear
 w - a +0 spear
Missiles
 n - a stone (quivered)
Armour
 h - a +0 robe (worn)
 m - a +0 robe
Jewellery
 k - a ring of stealth (left hand)
 l - a +2 amulet of reflection (around neck)
Scrolls
 d - a scroll of blinking
 g - a scroll of remove curse {unknown}
 o - a scroll of fog {unknown}
 q - a scroll of amnesia {unknown}
Potions
 e - a potion of flight {unknown}
 i - 3 potions of heal wounds {unknown}
 r - a potion of might {unknown}
 u - a potion of lignification {unknown}
Books
 c - a book of Spatial Translocations

   Spells                             Type                      Level
   a - Apportation                    Translocation                1
   b - Blink                          Translocation                2
   c - Shroud of Golubria             Charms/Translocation         2
   d - Portal Projectile              Translocation                3
   e - Teleport Other                 Translocation                3
   f - Passage of Golubria            Translocation                4
Comestibles
 f - a bread ration


   Skills:
 + Level 1.7 Fighting
 + Level 1.8 Polearms
 + Level 3.6(3.8) Slings
 + Level 1.3(2.3) Throwing
 + Level 4.7 Dodging
 + Level 0.4 Stealth
 + Level 3.4 Spellcasting
 + Level 5.6 Translocations


You had 2 spell levels left.
You knew the following spells:

 Your Spells              Type           Power        Failure   Level  Hunger
a - Apportation           Tloc           ###.......   1%          1    None
b - Shroud of Golubria    Chrm/Tloc      ##........   12%         2    ##.....
c - Blink                 Tloc           N/A          3%          2    ##.....
d - Teleport Other        Tloc           ###.....     10%         3    ###....


Dungeon Overview and Level Annotations

Branches:
Dungeon (3/15)

Altars:
Cheibriados
Sif Muna

Annotations:
D:3 Natasha


Innate Abilities, Weirdness & Mutations

You are tiny and cannot use many weapons and most armour.
You have supernaturally acute eyesight. (SInv)
You are a herbivore.
You cover ground extremely quickly.
You need consume almost no food.


Message History

Firing (i - inventory):
n - 2 stones (quivered)
Press: ? - help, Shift-Dir - straight line, f/p - Natasha
Aim: Natasha, carrying a wand of flame {zapped: 2} You shoot a stone.
The stone barely misses Natasha.
The stone hits the shadow imp but does no damage.
Natasha casts a spell at you. The magic dart hits you! The goblin misses you.
Natasha casts a spell at you. The magic dart hits you!
* * * LOW HITPOINT WARNING * * *
Casting: Blink
Confirm with . or Enter, or press ? or * to list all spells.
Aiming: Teleport Other
Press: ? - help, Shift-Dir - straight line, f/p - Natasha
Aim: Natasha, carrying a wand of flame {zapped: 2} (chance to defeat MR: 57%) Natasha looks slightly unstable.
The goblin barely misses you. Natasha casts a spell at you.
The magic dart hits you!
You die...

...... #)
##... #(## #
.. #..)# # . #
....# #.##
....#
#...####....#
#gh.(...#
#.##...##
#@###### #.#
###.# #...#
#.### #.#
######## #.#
#<.....# #.#
#.####.#####.#


You could see Natasha and a goblin.

Vanquished Creatures
  Natasha (D:3)
  6 gnolls
  4 adders (D:2)
  An ooze (D:1)
  3 worms (D:2)
  3 dart slugs (D:2)
  2 giant geckos (D:1)
  An orc (D:3)
  A ball python (D:3)
  6 bats
  4 giant cockroaches
  9 goblins
  7 hobgoblins
  5 kobolds
  A quokka (D:3)
  4 giant newts
  8 rats
66 creatures vanquished.

Notes
Turn   | Place    | Note
--------------------------------------------------------------
     0 | D:1      | Ducklets the Spriggan Warper began the quest for the Orb.
     0 | D:1      | Reached XP level 1. HP: 10/10 MP: 5/5
   386 | D:1      | Reached XP level 2. HP: 14/14 MP: 6/6
   390 | D:1      | Learned a level 2 spell: Shroud of Golubria
   393 | D:1      | Learned a level 2 spell: Blink
  1066 | D:1      | Reached skill level 5 in Translocations
  1198 | D:1      | Reached XP level 3. HP: 17/18 MP: 8/8
  2255 | D:2      | Found a snail-covered altar of Cheibriados.
  2274 | D:2      | Reached XP level 4. HP: 21/23 MP: 6/9
  2418 | D:2      | Reached skill level 1 in Slings
  3274 | D:2      | Found a deep blue altar of Sif Muna.
  3324 | D:2      | Reached XP level 5. HP: 26/26 MP: 9/11
  3455 | D:2      | Learned a level 3 spell: Teleport Other
  3495 | D:3      | Noticed Natasha
  3503 | D:3      | Killed Natasha
  3984 | D:3      | Noticed Natasha
  3993 | D:3      | Killed from afar by Natasha

Vault maps used:
D:1:      lemuel_arrival_broad_hall
D:2:      kennysheep_slug_shrine, overflow_temple_1_default
D:3:      overflow_temple_1_default, gup_sewer_entry_spiral,
          grunt_decor_clamped, uniq_crazy_yiuf_cottage, uniq_natasha

Skill      XL: |  1  2  3  4  5 |
---------------+----------------+-----
Dodging        | 4 |  4.7
Translocations | 5 |  5.6
Spellcasting   | 3 |  3.4
Slings         | 2 3 |  3.6
Fighting       | |  1.7
Polearms       | |  1.8
Throwing       | |  1.3
Stealth        | |  0.4

Action                   |  1- 3 |  4- 6 || total
-------------------------+-------+-------++-------
Melee: Spear             |   121 |    36 ||   157
 Fire: Hunting sling     |    35 |    75 ||   110
Throw: Tomahawk          |     2 |     3 ||     5
       Stone             |    52 |     6 ||    58
 Cast: Blink             |    16 |    10 ||    26
       Apportation       |     1 |       ||     1
       Teleport Other    |       |     1 ||     1
  Use: Scroll            |       |     3 ||     3
  Eat: Bread ration      |       |     2 ||     2
Armor: Robe              |     7 |       ||     7
Dodge: Dodged            |   102 |    29 ||   131
Block: Other             |       |     3 ||     3
